 Dungeon Crawl Stone Soup version 0.19-a0-1891-ge1d1fe8 (webtiles) character file.

5329 Naow the Knight (level 10, -2/79 HPs)
             Began as a Formicid Fighter on Oct 18, 2016.
             Was a Priest of Okawaru.
             Killed by divine providence
             ... invoked by an orc priest
              (13 damage)
             ... on level 9 of the Dungeon.
             The game lasted 00:20:10 (9325 turns).

Naow the Knight (Formicid Fighter)                  Turns: 9325, Time: 00:20:12

Health: -2/79      AC: 16    Str: 24    XL:     10   Next: 96%
Magic:  16/18      EV: 13    Int:  8    God:    Okawaru [***...]
Gold:   491        SH: 19    Dex: 10    Spells: 0 memorised, 9 levels left

rFire  . . .     SeeInvis +     a - +1 war axe
rCold  . . .     Gourm    .     G - +0 plate armour
rNeg   . . .     Faith    .     y - +0 large shield
rPois  .         Spirit   .     (helmet unavailable)
rElec  .         Reflect  .     (no cloak)
rCorr  .         Harm     .     d - +0 pair of gloves
MR     +....                    (no boots)
Stlth  ..........               (no amulet)
                                z - +5 ring of evasion
                                x - ring of stealth

@: heroism
A: permanent stasis, dig shafts and tunnels, four strong arms, antennae 3
a: Dig, Shaft Self, Heroism, Renounce Religion


You were on level 9 of the Dungeon.
You worshipped Okawaru.
Okawaru was most pleased with you.
You were not hungry.

You visited 2 branches of the dungeon, and saw 10 of its levels.

You collected 491 gold pieces.

Inventory:

Hand Weapons
 a - a +1 war axe (weapon)
Armour
 b - a +0 scale mail
 c - a +0 shield
 d - a +0 pair of gloves (worn)
 y - a +0 large shield (worn)
 G - a +0 plate armour (worn)
Jewellery
 x - a ring of stealth (left hand)
 z - a +5 ring of evasion (right hand)
Wands
 r - a wand of lightning (0/15)
 A - a wand of paralysis (6/24)
 E - a wand of confusion (21/48)
 H - a wand of iceblast (10/15)
Scrolls
 e - 3 scrolls of identify
 i - 2 scrolls of fog {unknown}
 j - 6 scrolls of remove curse
 l - 2 scrolls of fear {unknown}
 m - 3 scrolls of magic mapping {unknown}
 n - a scroll of amnesia {unknown}
 p - 3 scrolls of random uselessness {unknown}
 s - 2 scrolls of teleportation {unknown}
 t - 4 scrolls of enchant armour {unknown}
 v - 3 scrolls of immolation {unknown}
 w - 2 scrolls of blinking {unknown}
 B - a scroll of recharging {unknown}
 C - a scroll of holy word {unknown}
Potions
 g - a potion of flight {unknown}
 k - 2 potions of lignification
 q - a potion of resistance
 F - a potion of mutation {unknown}
 K - a potion of curing
 L - a potion of brilliance {unknown}
 M - 2 potions of cure mutation {unknown}
Books
 h - a Young Poisoner's Handbook

   Spells                             Type                      Level
   a - Sting                          Conjuration/Poison           1
   b - Mephitic Cloud                 Conjuration/Poison/Air       3
   c - Olgreb's Toxic Radiance        Poison                       4
   d - Alistair's Intoxication        Transmutation/Poison         5
   e - Venom Bolt                     Conjuration/Poison           5
Comestibles
 f - 4 bread rations
 o - 4 slices of pizza
 u - 5 meat rations
 D - 2 beef jerkies
 J - 9 chunks of flesh


   Skills:
 + Level 7.1(12.1) Fighting
 * Level 8.0(13.0) Axes
 + Level 6.5(11.5) Armour
 + Level 7.5(12.5) Shields
 - Level 11.2 Invocations


You had 9 spell levels left.
You didn't know any spells.

Dungeon Overview and Level Annotations

Branches:
Dungeon (9/15)             Temple (1/1) D:5            Lair (0/6) D:9
    Orc: D:9-12

Altars:
Ashenzari
Dithmenos
Elyvilon
Hepliaklqana
Kikubaaqudgha
Makhleb
Okawaru
Ru
Sif Muna
Vehumet
Xom
Zin
The Shining One

Annotations:
D:7 SirSavien's ghost, novice FeMo


Innate Abilities, Weirdness & Mutations

You are under a permanent stasis effect.
You can dig through walls and to a lower floor.
Your four strong arms can wield two-handed weapons with a shield.
You have a pair of large antennae on your head. (SInv)


Message History

The hippogriff pecks you but does no damage.
You block the hippogriff's attack.
You barely miss the orc priest.
The orc priest is severely wounded.
You slash the hippogriff! You block the orc priest's attack.
The hippogriff closely misses you. x2; You block the hippogriff's attack.
You hit the hippogriff.
The hippogriff is almost dead.
You hit the orc priest but do no damage.
The orc priest looks braver for a moment.
The hippogriff barely misses you. The hippogriff misses you.
The hippogriff claws you but does no damage.
You slash the hippogriff!
You kill the hippogriff!
Okawaru accepts your kill.
Your base Axes skill increases to level 8!
You closely miss the orc priest.
The orc priest calls down the wrath of Beogh upon you.
Beogh smites you!
You die...

####.######
#.......#....###
##.....(.........
...............##
#..............#
#..............
#.....(.....##.##
#.###..(.............
#oo@(..........##.#
#..l#####.##.#.......
#.... #.##.#####.##
#..... #.##.# #.#
#..... #.##.# #.#
#..P... #.##.# #.#
#...... #.##.#####.#
.....>. #.##.......#
..#######..##


You could see an iguana, an orc priest and an orc.

Vanquished Creatures
  Erica (D:8)
  Psyche (D:8)
  A two-headed ogre (D:8)
  2 hippogriffs
  A hungry ghost (D:9)
  3 wargs (D:9)
  2 sky beasts (D:5)
  2 orc warriors
  A black bear (D:7)
  An ogre (D:4)
  A centaur (D:9)
  7 big kobolds
  4 bullfrogs
  A gnoll sergeant (D:8)
  A scorpion (D:8)
  3 howler monkeys
  3 crimson imps
  A bullfrog zombie (D:8)
  3 quasits
  4 hounds
  9 orc priests
  A centaur skeleton (D:6)
  Jessica (D:2)
  Ijyb (D:2)
  2 iguanas
  Natasha (twice) (D:3)
  5 orc wizards
  2 hell rats (D:7)
  8 worker ants
  A killer bee zombie (D:8)
  A worker ant zombie (D:5)
  Robin (D:3)
  15 gnolls
  9 adders
  5 river rats (D:7)
  2 shadow imps
  An ooze (D:3)
  2 adder zombies
  An adder skeleton (D:9)
  A worm (D:3)
  2 dart slugs
  5 leopard geckos
  32 orcs
  5 bats
  6 giant cockroaches
  12 goblins
  12 hobgoblins
  22 jackals
  2 quokkas
  A ball python (D:2)
  8 frilled lizards
  A jackal skeleton (D:9)
  52 kobolds
  A leopard gecko skeleton (D:7)
  32 rats
306 creatures vanquished.

Notes
Turn   | Place    | Note
-------+----------+-------------------------------------------
     0 | D:1      | Naow the Formicid Fighter began the quest for the Orb.
     0 | D:1      | Reached XP level 1. HP: 18/18 MP: 1/1
   119 | D:1      | Reached XP level 2. HP: 24/24 MP: 2/2
   348 | D:1      | Reached XP level 3. HP: 29/29 MP: 3/3
   758 | D:2      | Found a shadowy altar of Dithmenos.
   764 | D:2      | Noticed Ijyb
   775 | D:2      | Killed Ijyb
   775 | D:2      | Reached XP level 4. HP: 36/37 MP: 4/4
   878 | D:2      | Noticed Jessica
   894 | D:2      | Killed Jessica
   894 | D:2      | Reached XP level 5. HP: 18/42 MP: 5/5
  1252 | D:2      | Found a faded altar of an unknown god.
  1805 | D:3      | Found a shimmering altar of Xom.
  1841 | D:3      | Noticed Robin
  1854 | D:3      | Killed Robin
  1854 | D:3      | Reached XP level 6. HP: 41/48 MP: 6/6
  2177 | D:3      | Found an ancient bone altar of Kikubaaqudgha.
  2177 | D:3      | Noticed Natasha
  2183 | D:3      | Killed Natasha
  2292 | D:3      | Noticed Natasha
  2305 | D:3      | Killed Natasha
  2576 | D:4      | Reached skill level 5 in Shields
  2576 | D:4      | Reached XP level 7. HP: 18/55 MP: 7/7
  2815 | D:4      | Reached skill level 5 in Axes
  2815 | D:4      | Reached skill level 5 in Fighting
  3258 | D:4      | Reached skill level 5 in Armour
  3333 | D:4      | Reached XP level 8. HP: 49/62 MP: 8/8
  3941 | D:5      | Entered Level 5 of the Dungeon
  3981 | D:5      | Found a staircase to the Ecumenical Temple.
  4404 | D:5      | Reached XP level 9. HP: 69/69 MP: 9/9
  4538 | Temple   | Entered the Ecumenical Temple
  4560 | Temple   | Became a worshipper of Warmaster Okawaru
  5731 | D:6      | Reached skill level 1 in Invocations
  5782 | D:6      | Found a shattered altar of Ashenzari.
  5789 | D:6      | Reached skill level 2 in Invocations
  6080 | D:7      | Noticed a hippogriff
  6176 | D:7      | Reached skill level 3 in Invocations
  6393 | D:7      | Reached skill level 4 in Invocations
  6671 | D:7      | Reached skill level 5 in Invocations
  6907 | D:7      | Noticed SirSavien's ghost (novice FeMo)
  7408 | D:5      | Reached skill level 6 in Invocations
  7749 | D:8      | Reached skill level 7 in Invocations
  7767 | D:8      | Killed a hippogriff
  7767 | D:8      | Reached * piety under Okawaru
  7809 | D:8      | Reached skill level 8 in Invocations
  7809 | D:8      | Reached XP level 10. HP: 9/77 MP: 13/16
  8243 | D:8      | Reached skill level 9 in Invocations
  8247 | D:8      | Noticed Erica
  8284 | D:8      | Killed Erica
  8284 | D:8      | Reached ** piety under Okawaru
  8284 | D:8      | Reached skill level 10 in Invocations
  8671 | D:8      | Found a sacrificial altar of Ru.
  8716 | D:8      | Noticed Psyche
  8724 | D:8      | Killed Psyche
  8724 | D:8      | Reached skill level 11 in Invocations
  9286 | D:9      | Found a staircase to the Lair.
  9297 | D:9      | Reached *** piety under Okawaru
  9325 | D:9      | Killed from afar by an orc priest

Vault maps used:
D:1:      minmay_arrival_nine_rooms
D:2:      nicolae_overflow_crystal_walls, first_bread, ecumenical_altar_1,
          uniq_iyjb, uniq_jessica
D:3:      lemuel_doored_altar, old_standard_altar, uniq_natasha, uniq_robin
D:4:      minmay_goblin_kobold_castle
D:6:      ashenzari_conservatory_becter
D:7:      lemuel_ratsnest, minmay_holes
D:8:      marbit_many_paths, uniq_psyche, uniq_erica
D:9:      erik_lair_orcish_takeover
Temple:   eino_temple_rhombus

Skill      XL: |  1  2  3  4  5  6  7  8  9 10 |
---------------+-------------------------------+-----
Axes           | 3 4 5 6 7 8 |  8.0
Shields        | 4 5 6 7 |  7.5
Fighting       | 4 5 6 7 |  7.1
Armour         | 4 5 6 |  6.5
Invocations    | 8 11 | 11.2

Action                   |  1- 3 |  4- 6 |  7- 9 | 10-12 || total
-------------------------+-------+-------+-------+-------++-------
Melee: War axe           |    73 |   218 |   731 |   192 ||  1214
       Unarmed           |       |     4 |       |       ||     4
Invok: Heroism           |       |       |     1 |     6 ||     7
  Use: Potion            |       |     3 |     7 |     1 ||    11
       Scroll            |       |       |     3 |       ||     3
 Stab: Distracted        |       |     1 |       |       ||     1
       Sleeping          |       |       |       |     1 ||     1
  Eat: Chunk             |       |     6 |    18 |     6 ||    30
Armor: Scale mail        |    33 |   114 |   206 |    21 ||   374
       Skin              |       |     9 |       |       ||     9
       Plate armour      |       |       |       |    29 ||    29
Dodge: Dodged            |    25 |    86 |   322 |   118 ||   551
Block: Shield            |    36 |   119 |   420 |    54 ||   629
       Large shield      |       |       |       |    83 ||    83
